 Dungeon Crawl Stone Soup version 0.18.1-48-g4cf74bf (webtiles) character file.

345 hairmachine the Poker (level 6, -6/44 HPs)
             Began as a Demonspawn Gladiator on July 3, 2016.
             Mangled by a slave (7 damage)
             ... led by Pikel
             ... on level 3 of the Dungeon.
             The game lasted 00:21:15 (5448 turns).

hairmachine the Poker (Demonspawn Gladiator)        Turns: 5448, Time: 00:21:16

Health: -6/44      AC:  7    Str: 17    XL:     6   Next: 32%
Magic:  0/6        EV: 11    Int:  9    God:
Gold:   227        SH:  0    Dex: 14    Spells: 0 memorised, 5 levels left

rFire  . . .     SeeInvis .     a - +0 trident
rCold  . . .     Gourm    .     j - +0 scale mail
rNeg   . . .     Faith    .     (no shield)
rPois  .         Spirit   +     c - +0 helmet
rElec  .         Dismiss  .     (no cloak)
rCorr  .         Reflect  .     (no gloves)
SustAt .         Harm     .     (no boots)
MR     .....                    t - amulet of guardian spirit
Stlth  ..........               (no ring)
                                g - +1 ring of evasion

@: not resistant to hostile enchantments, extremely unstealthy
A: claws 1, demonic guardian 1, powered by pain 1
a: no special abilities


You were on level 3 of the Dungeon.
You were not hungry.

You visited 1 branch of the dungeon, and saw 4 of its levels.

You collected 227 gold pieces.

Inventory:

Hand Weapons
 a - a +0 trident (weapon)
Armour
 b - a +0 leather armour
 c - a +0 helmet (worn)
 j - a +0 scale mail (worn)
Jewellery
 g - a +1 ring of evasion (left claw)
 t - an amulet of guardian spirit (around neck)
Wands
 u - a wand of confusion (0/48)
Scrolls
 e - a scroll of remove curse
 k - 2 scrolls of enchant weapon
 l - 2 scrolls of identify
 m - a scroll of amnesia
 p - a scroll of random uselessness {unknown}
 x - 2 scrolls of noise {unknown}
 y - 2 scrolls of magic mapping {unknown}
 z - a scroll of enchant armour {unknown}
Potions
 v - a potion of brilliance {unknown}
 w - a potion of heal wounds {unknown}
 B - a potion of berserk rage {unknown}
Comestibles
 f - 4 bread rations
 i - 2 slices of pizza
 q - 2 meat rations


   Skills:
 - Level 2.0 Fighting
 + Level 6.0 Polearms
 - Level 1.7 Throwing
 - Level 2.2 Armour
 - Level 2.6 Dodging


You had 5 spell levels left.
You didn't know any spells.

Dungeon Overview and Level Annotations

Branches:
Dungeon (4/15)
 Temple: D:4-7

Altars:
Nemelex Xobeh
Qazlal
Yredelemnul

Shops:
D:4 [

Annotations:
D:4 Pikel; junkhipster's ghost, amateur FoFi


Innate Abilities, Weirdness & Mutations

You have sharp fingernails.
A weak demonic guardian rushes to your aid.
You sometimes gain a little power by taking damage.


Message History

It is a scroll of amnesia.
You feel forgetful for a moment. The slave closely misses you.
The slave hits you but does no damage.
Your iron imp closely misses the slave.
Read which item? (? for menu, Esc to quit)
As you read the scroll labeled GUNEROLIRPH, it crumbles to dust.
You feel strangely unstable.
It was a scroll of teleportation.
The slave hits you.
* * * LOW HITPOINT WARNING * * *
The slave hits you.
* * * LOW HITPOINT WARNING * * *
Your iron imp hits the slave.
Drink which item? (? for menu, Esc to quit)
It was a potion of cancellation.
You feel strangely stable.
You feel magically purged. The slave barely misses you. The slave hits you.
* * * LOW HITPOINT WARNING * * *
You hit the slave but do no damage.
The slave is almost dead.
The slave hits you!
You die...

##################
..............5p@#
##.#############p# #.#
#.# #[# ######.######
#.# #...........# #[#
#...........# #.#
#...........# #.#
#...........#
##.########...........#


You could see 2 slaves and a friendly iron imp.

Vanquished Creatures
  Grinder (D:4)
  An orc priest (D:4)
  A worker ant (D:4)
  3 adders (D:2)
  4 worms
  A giant gecko (D:1)
  8 orcs
  A ball python (D:1)
  11 bats
  2 giant cockroaches
  11 goblins
  11 hobgoblins
  6 jackals
  2 quokkas
  5 giant newts
  10 kobolds
  8 rats
86 creatures vanquished.

Vanquished Creatures (collateral kills)
  A slave (D:4)
1 creature vanquished.

Grand Total: 87 creatures vanquished

Notes
Turn   | Place    | Note
--------------------------------------------------------------
     0 | D:1      | hairmachine the Demonspawn Gladiator began the quest for the Orb.
     0 | D:1      | Reached XP level 1. HP: 16/16 MP: 1/1
    63 | D:1      | Reached skill level 3 in Polearms
   398 | D:1      | Gained mutation: A weak demonic guardian rushes to your aid. [demonic ancestry]
   398 | D:1      | Reached XP level 2. HP: 22/22 MP: 2/2
  1409 | D:1      | Gained mutation: You sometimes gain a little power by taking damage. [demonic ancestry]
  1409 | D:1      | Reached XP level 3. HP: 27/27 MP: 3/3
  1552 | D:2      | Reached skill level 4 in Polearms
  1873 | D:2      | Found a basalt altar of Yredelemnul.
  1938 | D:2      | Found a sparkling altar of Nemelex Xobeh.
  1949 | D:2      | Found a stormy altar of Qazlal.
  2404 | D:2      | Reached XP level 4. HP: 33/33 MP: 4/4
  3275 | D:3      | Reached skill level 5 in Polearms
  4089 | D:4      | Noticed junkhipster's ghost (amateur FoFi)
  4361 | D:4      | Reached XP level 5. HP: 25/38 MP: 3/5
  4836 | D:4      | Found Xieski Boji's Armour Boutique.
  4865 | D:4      | Noticed Grinder
  4894 | D:4      | Killed Grinder
  4894 | D:4      | Gained mutation: You have sharp fingernails. [demonic ancestry]
  4894 | D:4      | Reached XP level 6. HP: 29/44 MP: 6/6
  5130 | D:4      | Noticed a slave
  5130 | D:4      | Noticed a slave
  5131 | D:4      | Noticed Pikel
  5137 | D:4      | Paralysed by Pikel for 5 turns
  5139 | D:4      | Noticed a slave
  5141 | D:4      | Noticed a slave
  5144 | D:4      | Killed a slave
  5155 | D:4      | Reached skill level 6 in Polearms
  5181 | D:4      | Paralysed by Pikel for 2 turns
  5447 | D:3      | HP: 1/44 [slave[Pikel] (4)]
  5448 | D:3      | Mangled by a slave

Skill      XL: |  1  2  3  4  5  6 |
---------------+-------------------+-----
Polearms       | 3 4 5 6 |  6.0
Armour         | 2 |  2.2
Fighting       | |  2.0
Throwing       | |  1.7
Dodging        | |  2.6

Action                   |  1- 3 |  4- 6 || total
-------------------------+-------+-------++-------
Melee: Trident           |   163 |   239 ||   402
Throw: Throwing net      |     1 |     8 ||     9
Evoke: Wand              |       |     5 ||     5
  Use: Scroll            |       |     6 ||     6
       Potion            |       |     3 ||     3
 Stab: Confused          |       |     1 ||     1
       Held in net/web   |       |     2 ||     2
       Invisible         |       |     3 ||     3
  Eat: Chunk             |     4 |     9 ||    13
       Beef jerky        |       |     1 ||     1
Armor: Leather armour    |     4 |       ||     4
       Scale mail        |    54 |    75 ||   129
Dodge: Dodged            |    76 |   100 ||   176
